 Dungeon Crawl Stone Soup version 0.20-a0-277-g7db01f4 (webtiles) character file.

57 Leszczynek the Skirmisher (level 3, 29/29 HPs)
             Began as a Mummy Wanderer on Dec 13, 2016.
             Was a Follower of Vehumet.
             Quit the game on level 2 of the Dungeon.
             The game lasted 00:02:01 (1193 turns).

Leszczynek the Skirmisher (Mummy Wanderer)          Turns: 1193, Time: 00:02:01

Health: 29/29      AC:  5    Str: 14    XL:     3   Next: 73%
Magic:  3/3        EV: 11    Int: 11    God:    Vehumet [*.....]
Gold:   16         SH:  0    Dex: 13    Spells: 2/2 levels left

rFire  x . .     SeeInvis .     a - +2 short sword
rCold  + . .     Gourm    .     c - +0 ring mail
rNeg   + + +     Faith    .     (no shield)
rPois  ∞         Spirit   .     (no helmet)
rElec  .         Reflect  .     (no cloak)
rCorr  .         Harm     .     (no gloves)
MR     .....                    (no boots)
Stlth  +.........               (no amulet)
                                (no ring)
                                (no ring)

@: no status effects
A: no food or potions, fire vulnerability, cold resistance 1, negative energy
resistance 3, torment resistance, unbreathing
a: Renounce Religion


You were on level 2 of the Dungeon.
You worshipped Vehumet.
Vehumet was aware of your devotion.
You were not hungry.

You visited 1 branch of the dungeon, and saw 2 of its levels.

You collected 16 gold pieces.

Inventory:

Hand Weapons
 a - a +2 short sword (weapon)
 d - a +0 dagger
 g - a cursed -3 whip
Armour
 c - a +0 ring mail (worn)
Scrolls
 b - 2 scrolls of teleportation
 e - a scroll of fear {unknown}
 f - a scroll of remove curse {unknown}
 h - a scroll of amnesia {unknown}


   Skills:
 - Level 3.0 Fighting
 - Level 1.5 Short Blades
 + Level 1.7 Maces & Flails
   Level 1.5 Crossbows
 - Level 1.0 Armour
 - Level 2.0 Dodging
 - Level 1.5 Stealth


You had 2 spell levels left.
You didn't know any spells.

Dungeon Overview and Level Annotations

Branches:
Dungeon (2/15)

Altars:
Vehumet
The Shining One


Innate Abilities, Weirdness & Mutations

You do not eat or drink.
Your flesh is vulnerable to fire.
You are immune to poison.
Your flesh is cold resistant. (rC+)
You are immune to negative energy. (rN+++)
You are immune to unholy pain and torment.
You can survive without breathing.


Message History

You miss the quokka.
The quokka is almost dead.
The quokka closely misses you. The quokka completely misses you.
You miss the quokka.
The quokka is severely wounded.
The quokka bites you but does no damage.
You hit the quokka.
You kill the quokka!
No target in view!
You start resting.
HP restored.
There is a faded altar of an unknown god here.
Unknown command.
Press < or > to pray at altars.
You cannot tell which god this altar belongs to.
Convert to them anyway?
Vehumet accepts your prayer! Vehumet welcomes you!
You can now gain magical power from killing.
Vehumet offers you knowledge of Sting.
Are you sure you want to abandon this character and quit the game? (Confirm with "yes".)

.###...# #.... .
##... .. #... #..
#..) #...#######
###. #.........#
#. #......#..# .#
## ... #@#.## .# #
..#..#...# .# #
.......†..###.# #
#.....#.##.....###
##
#.!.#?..##.......#
####8
...............###
...#.
#...#.####.....#
._... ......
##...## .(.#. ...
##.## ####8


There were no monsters in sight!

Vanquished Creatures
  An adder (D:2)
  An ooze (D:1)
  4 dart slugs
  A leopard gecko (D:1)
  3 bats (D:1)
  A giant cockroach (D:1)
  4 goblins (D:1)
  7 hobgoblins (D:1)
  3 jackals (D:2)
  4 kobolds
  A quokka (D:2)
  A frilled lizard (D:1)
  A rat (D:1)
32 creatures vanquished.

Notes
Turn   | Place    | Note
-------+----------+-------------------------------------------
     0 | D:1      | Leszczynek the Mummy Wanderer began the quest for the Orb.
     0 | D:1      | Leszczynek set off with: a +2 short sword, a scroll of teleportation, a +0 ring mail, a +0 dagger
     0 | D:1      | Reached XP level 1. HP: 18/18 MP: 1/1
    48 | D:1      | Reached skill level 1 in Dodging
   122 | D:1      | Reached XP level 2. HP: 24/24 MP: 2/2
   366 | D:1      | Reached skill level 2 in Dodging
   432 | D:1      | Reached XP level 3. HP: 19/29 MP: 3/3
   791 | D:1      | Reached skill level 1 in Maces & Flails
  1095 | D:2      | Found a glowing golden altar of the Shining One.
  1141 | D:2      | Found a faded altar of an unknown god.
  1192 | D:2      | Became a worshipper of Vehumet
  1192 | D:2      | Reached * piety under Vehumet
  1192 | D:2      | Offered knowledge of Sting by Vehumet.
  1193 | D:2      | Quit the game

Vault maps used:
D:1:      mrwooster_arrival_statue_2
D:2:      nicolae_tso_carved_into_rock, chequers_ecumenical_altar_simple

Skill      XL: |  1  2  3 |
---------------+----------+-----
Dodging        | 1 2 |  2.0
Maces & Flails | 1 |  1.7
Fighting       | |  3.0
Short Blades   | |  1.5
Crossbows      | |  1.5
Armour         | |  1.0
Stealth        | |  1.5

Action                   || total
-------------------------++-------
Melee: Short sword       ||   105
Armor: Ring mail         ||    32
Dodge: Dodged            ||    61
